 Dungeon Crawl Stone Soup version 0.26-a0-771-g060e6a62af (webtiles) character file.

Game seed: 897908881838997844

91 DarkMailMan the Shield-Bearer (level 4, 0/37 HPs)
             Began as a Formicid Fighter on Nov 8, 2020.
             Was a Follower of the Shining One.
             Slain by an orc (2 damage)
             ... on level 3 of the Dungeon.
             The game lasted 00:07:12 (1940 turns).

DarkMailMan the Shield-Bearer (Formicid Fighter)    Turns: 1940, Time: 00:07:13

Health: 0/37       AC:  7    Str: 20    XL:     4   Next: 87%
Magic:  4/4        EV:  8    Int:  8    God:    the Shining One [*.....]
Gold:   77         SH:  9    Dex: 11    Spells: 3/3 levels left

rFire    . . .     SeeInvis +   a - +0 trident
rCold    . . .     Faith    .   c - +0 kite shield
rNeg     . . .     Spirit   .   b - +0 scale mail
rPois    .         Reflect  .   (helmet unavailable)
rElec    .         Harm     .   (no cloak)
rCorr    .         Rampage  .   (no gloves)
MR       .....                  (no boots)
Stlth    ..........             m - amulet of the acrobat
HPRegen  0.12/turn              (no ring)
MPRegen  0.09/turn              (no ring)

@: glowing
A: permanent stasis, dig shafts and tunnels, four strong arms, antennae 3
a: Dig, Shaft Self, Renounce Religion


You were on level 3 of the Dungeon.
You worshipped the Shining One.
The Shining One was aware of your devotion.
You visited 1 branch of the dungeon, and saw 3 of its levels.

You collected 77 gold pieces.

Inventory:

Hand Weapons
 a - a +0 trident (weapon)
Missiles
 n - 10 poisoned darts (quivered)
Armour
 b - a +0 scale mail (worn)
 c - a +0 kite shield (worn)
 p - a +2 buckler
Jewellery
 m - an amulet of the acrobat (around neck)
Scrolls
 e - 2 scrolls of identify {unknown}
 f - 3 scrolls of magic mapping {unknown}
 i - a scroll of fear {unknown}
 j - a scroll of blinking {unknown}
 k - a scroll of remove curse {unknown}
 l - 2 scrolls of teleportation {unknown}
 o - a scroll of immolation {unknown}
 q - a scroll of enchant armour {unknown}
Potions
 d - 2 potions of might
 g - a potion of resistance {unknown}
 h - a potion of cancellation {unknown}


   Skills:
 + Level 3.7 Fighting
 + Level 3.2 Polearms
 + Level 3.7 Armour
 + Level 0.4 Dodging
 + Level 4.5 Shields


You had 3 spell levels left.
You didn't know any spells.
Your spell library was empty.

Dungeon Overview and Level Annotations

Branches:
Dungeon (3/15)

Altars:
Elyvilon
Fedhas
Qazlal
Zin
The Shining One


Innate Abilities, Weirdness & Mutations

You cannot be hasted, slowed, berserked, paralysed or teleported.
You can dig through walls and to a lower floor.
Your four strong arms can wield two-handed weapons with a shield.
You have a pair of large antennae on your head. (SInv)


Message History

The orc wizard is heavily wounded.
The orc wizard closely misses you. The orc hits you but does no damage.
You bump into the rock wall.
The orc hits you but does no damage. The orc wizard barely misses you.
The orc hits you but does no damage. The orc completely misses you.
The orc hits you with a +0 whip.
* * * LOW HITPOINT WARNING * * *
You bump into the rock wall.
You feel less confused. You block the orc's attack. The orc hits you.
* * * LOW HITPOINT WARNING * * *
You hit the orc.
The orc is lightly wounded.
The orc barely misses you. You block the orc's attack.
You hit the orc.
The orc is heavily wounded.
The orc closely misses you.
The orc shouts loudly.
The orc hits you but does no damage. The orc barely misses you.
You hit the orc but do no damage. The orc hits you.
You die...

{ ##############
#@oo.........# ###
#oo..........# #..
##o...........###..
#...............'..
#.............###..
#..)...).####.# #..
#........####+###..
#########.......#..
#.<.....+..


You could see an orc wizard (invisible) and 4 orcs.

Vanquished Creatures
  4 adders
  2 worms (D:2)
  2 dart slugs (D:1)
  An orc (D:3)
  7 goblins
  9 hobgoblins
  5 bats
  5 frilled lizards
  8 kobolds
  2 rats (D:1)
45 creatures vanquished.

Vanquished Creatures (others)
  3 fungi (D:2)
3 creatures vanquished.

Grand Total: 48 creatures vanquished

Notes
Turn   | Place    | Note
-------+----------+-------------------------------------------
     0 | D:1      | DarkMailMan the Formicid Fighter began the quest for the
                  | Orb.
     0 | D:1      | Reached XP level 1. HP: 18/18 MP: 1/1
    66 | D:1      | Reached XP level 2. HP: 18/24 MP: 2/2
   496 | D:1      | Reached XP level 3. HP: 29/29 MP: 3/3
   642 | D:1      | Reached skill level 4 in Shields
  1191 | D:2      | Found a stormy altar of Qazlal.
  1193 | D:2      | Found a blossoming altar of Fedhas.
  1354 | D:2      | Reached XP level 4. HP: 36/36 MP: 4/4
  1450 | D:2      | Found a faded altar of an unknown god.
  1452 | D:2      | Became a worshipper of the Shining One
  1452 | D:2      | Reached * piety under the Shining One
  1491 | D:2      | Found a glowing silver altar of Zin.
  1491 | D:2      | Found a white marble altar of Elyvilon.
  1492 | D:2      | Found a glowing golden altar of the Shining One.
  1940 | D:3      | Slain by an orc

Illustrated notes

Levels and vault maps discovered:
D:1:      grunt_arrival_lava_bath, layout_basic
D:2:      layout_loops_ring, grunt_temple_overflow_forces_of_nature,
          good_gods_temple_1, chequers_ecumenical_altar_twisty
D:3:      layout_basic, uniq_sigmund

Skill      XL: |  1  2  3  4 |
---------------+-------------+-----
Shields        | 4 |  4.5
Polearms       | 3 |  3.2
Fighting       | |  3.7
Armour         | |  3.7
Dodging        | |  0.4

Action                   |  1- 3 |  4- 6 || total
-------------------------+-------+-------++-------
Melee: Trident           |    97 |    44 ||   141
 Abil: Dig               |     5 |     2 ||     7
Armor: Scale mail        |    59 |    20 ||    79
Dodge: Dodged            |    48 |    36 ||    84
Block: Kite shield       |    78 |    35 ||   113

Table legend: (Time is in decaauts)
 A = Elapsed time spent in this place.
 B = Non-inter-level travel time spent in this place.
 C = Inter-level travel time spent in this place.
 D = Time resting spent in this place.
 E = Time spent auto-exploring this place.
 F = Levels seen in this place.
 G = Mean time per level.
                   A        B        C        D        E       F      G
               +--------+--------+--------+--------+--------+-----+--------+
         Total |   1974 |   1974 |      0 |    214 |    530 |   3 |  658.0 |
       Dungeon |   1974 |   1974 |      0 |    214 |    530 |   3 |  658.0 |
               +--------+--------+--------+--------+--------+-----+--------+

Top non-repeatable levels by time:
     D:1: 1099 daAuts
     D:2: 778 daAuts
     D:3: 96 daAuts
